[Event "Titled Tuesday Blitz June 13 Early 2023"]
[White "Ai, Evan"]
[Black "sebastianmarinp"]
[WhiteFideId "2094770"]
[WhiteElo "1963"]
[BlackElo "2394"]
[Result "1-0"]
[Round "10"]
[TimeControl "180+2"]
[Date "2023.06.13"]
[WhiteClock "0:01:00"]
[BlackClock "0:00:00"]
[Board "107"]

1. e4 e5 2. Nf3 Nc6 3. Bc4 Nf6 4. d3 Be7 5. O-O O-O 6. c3 d5 7. exd5 Nxd5 8. h3 Nb6 9. Bb3 Bf5 10. Re1 Qxd3 11. Qxd3 Bxd3 12. Nxe5 Nxe5 13. Rxe5 Bd6 14. Re1 Rfe8 15. Be3 Nc4 16. Bxc4 Bxc4 17. Nd2 Bd5 18. c4 Bc6 19. Rac1 a5 20. c5 Be5 21. Nc4 Bf6 22. a3 a4 23. Red1 h6 24. Bd4 Bxd4 25. Rxd4 Re2 26. Rd2 Rae8 27. Rcc2 Re1+ 28. Kh2 Rb1 29. Na5 Be4 30. Rc4 b5 31. Rb4 Bf5 32. Rbd4 Ree1 33. g4 Be6 34. f4 Re3 35. f5 Bb3 36. Rb4 Ree1 37. Rxb5 1-0


[Site "https://www.chess.com"]

[Event "Titled Tuesday Blitz June 13 Early 2023"]
[White "Rodchenkov, Sergey D."]
[Black "FREDERICKtheMATE"]
[WhiteFideId "4168712"]
[WhiteElo "2277"]
[BlackElo "2378"]
[Result "1-0"]
[Round "10"]
[TimeControl "180+2"]
[Date "2023.06.13"]
[WhiteClock "0:00:15"]
[BlackClock "0:00:16"]
[Board "108"]

1. e4 c5 2. Nf3 Nc6 3. d4 cxd4 4. Nxd4 Nf6 5. Nc3 e5 6. Ndb5 d6 7. Nd5 Nxd5 8. exd5 Nb8 9. c4 Be7 10. Be2 O-O 11. O-O a6 12. Nc3 f5 13. f4 Bf6 14. Kh1 Nd7 15. a4 a5 16. Nb5 Nc5 17. Be3 b6 18. Rb1 Re8 19. fxe5 Bxe5 20. Bg1 Bd7 21. Nd4 Qg5 22. Nf3 Qe7 23. b3 Rad8 24. Bd3 g6 25. Bc2 Bg7 26. b4 axb4 27. Rxb4 Rb8 28. Nd4 Qh4 29. Nc6 Bxc6 30. dxc6 Be5 31. h3 Kg7 32. Qf3 Na6 33. Rb5 Qxc4 34. Bb3 Qh4 35. Rxb6 Nc5 36. a5 Qe7 37. Bxc5 dxc5 38. Rd1 Bd4 39. Rb1 Qa7 40. Bc4 Qxa5 41. Rxb8 Re1+ 42. Rxe1 Qxe1+ 43. Qf1 Qe5 44. Rb7+ Kh6 45. c7 Qg3 46. c8=Q Be5 47. Qf8+ Kg5 48. Qe7+ Kh5 49. Be2+ Kh6 50. Qxe5 Qxe5 51. Rb1 Qd4 52. Rd1 Qe4 53. Qf3 Qe5 54. Bf1 c4 55. Qf2 c3 56. Re1 Qa5 57. Qe3+ Kg7 58. Rc1 Qa3 59. Qxc3+ Qxc3 60. Rxc3 Kf6 61. g3 Kg5 62. Kg2 h5 63. h4+ Kf6 64. Be2 Kg7 65. Rc6 Kh6 66. Bf3 Kg7 67. Bxh5 Kf7 68. Kf3 Kg7 69. Rxg6+ Kh7 70. Kf4 Kh8 71. Kxf5 Kh7 72. Kf6 Kh8 73. Kf7 Kh7 74. Rf6 Kh8 75. Rh6# 1-0


[Site "https://www.chess.com"]

[Event "Titled Tuesday Blitz June 13 Early 2023"]
[White "Santos Flores, Alberto"]
[Black "Corredor Castellanos, Camilo"]
[WhiteFideId "3601234"]
[BlackFideId "4425871"]
[WhiteElo "2235"]
[BlackElo "1994"]
[Result "0-1"]
[Round "10"]
[TimeControl "180+2"]
[Date "2023.06.13"]
[WhiteClock "0:00:07"]
[BlackClock "0:00:57"]
[Board "109"]

1. e4 e5 2. Nf3 Nc6 3. Bc4 Bc5 4. c3 Nf6 5. d3 d6 6. Nbd2 a6 7. a4 O-O 8. O-O h6 9. h3 Kh8 10. Re1 Nh7 11. Nf1 f5 12. exf5 Bxf5 13. Ng3 Bxh3 14. gxh3 Qf6 15. Kg2 Ng5 16. Bxg5 hxg5 17. Ne4 Qf4 18. Nexg5 Rf5 19. Ne6 Qh6 20. Nxc5 dxc5 21. Bd5 Raf8 22. Be4 Rf4 23. Rg1 Ne7 24. Kf1 Nf5 25. Ke2 Nd6 26. Rg6 Qh5 27. Rg5 Qh6 28. Rg6 Rxe4+ 29. dxe4 Qxg6 30. Qd5 Qh5 31. Qd3 Rf4 32. Rg1 c4 0-1


[Site "https://www.chess.com"]

[Event "Titled Tuesday Blitz June 13 Early 2023"]
[White "Sharapov, Evgeny"]
[Black "Bashirli, Saadat"]
[WhiteFideId "14103133"]
[BlackFideId "13429990"]
[WhiteElo "2367"]
[BlackElo "1408"]
[Result "1-0"]
[Round "10"]
[TimeControl "180+2"]
[Date "2023.06.13"]
[WhiteClock "0:01:16"]
[BlackClock "0:00:01"]
[Board "110"]

1. e4 c5 2. Nf3 g6 3. d4 cxd4 4. Nxd4 Nc6 5. c4 Nf6 6. Nc3 Nxd4 7. Qxd4 d6 8. Be2 Bg7 9. Be3 O-O 10. Qd2 a5 11. O-O a4 12. Rac1 Qa5 13. f3 Be6 14. Rfd1 Rfc8 15. Nd5 Qxd2 16. Bxd2 Nxd5 17. exd5 Bf5 18. Bc3 Bh6 19. Ra1 a3 20. b3 b5 21. Bd4 bxc4 22. Bxc4 e5 23. dxe6 Bxe6 24. Bxe6 fxe6 25. Re1 Kf7 26. Kf2 Rc2+ 27. Re2 Rac8 28. Re1 e5 29. Be3 Bxe3+ 30. Kxe3 R8c3+ 31. Kf2 Rb2 32. Rxb2 axb2 33. Rb1 Rc2+ 34. Ke3 Rxg2 35. a4 Rxh2 36. a5 Rh4 37. Rxb2 Rb4 38. a6 Rb6 39. Ra2 Rxb3+ 40. Kd2 Rb8 41. Kc3 h5 42. a7 Ra8 43. Kc4 Ke6 44. Kb5 Kf5 45. Kb6 Kf4 46. Rg2 g5 47. Kb7 Rxa7+ 48. Kxa7 d5 49. Kb6 e4 50. fxe4 dxe4 51. Kc5 e3 52. Kd4 Kf3 53. Rxg5 e2 54. Rf5+ Kg4 55. Re5 Kf3 56. Kd3 h4 57. Re3+ Kf2 58. Rxe2+ Kg3 59. Re8 h3 60. Ke2 Kh2 61. Kf2 Kh1 62. Re3 Kh2 63. Rd3 Kh1 64. Rxh3# 1-0


[Site "https://www.chess.com"]

[Event "Titled Tuesday Blitz June 13 Early 2023"]
[White "Bilan, Danila"]
[Black "Bashkansky, Ethan"]
[WhiteFideId "24161918"]
[BlackFideId "2071533"]
[WhiteElo "2146"]
[BlackElo "2336"]
[Result "1-0"]
[Round "10"]
[TimeControl "180+2"]
[Date "2023.06.13"]
[WhiteClock "0:00:15"]
[BlackClock "0:00:13"]
[Board "111"]

1. d4 f5 2. Nf3 Nf6 3. g3 g6 4. Bg2 Bg7 5. O-O O-O 6. c4 d6 7. Nc3 Nc6 8. d5 Na5 9. Nd2 c5 10. Qc2 a6 11. b3 Rb8 12. Bb2 b5 13. Rab1 e5 14. dxe6 bxc4 15. bxc4 Bxe6 16. Nd5 Nxd5 17. cxd5 Bf7 18. Bxg7 Rxb1 19. Qc3 Rxf1+ 20. Kxf1 Qc7 21. Bh6 Be8 22. Bxf8 Kxf8 23. Qh8+ Ke7 24. Qxh7+ Kd8 25. Qxc7+ Kxc7 26. e4 Bf7 27. Ke2 fxe4 28. Bxe4 Kb6 29. Kd3 Kb5 30. f4 Kb4 31. g4 c4+ 32. Kc2 Nb7 33. h4 Nc5 34. f5 Nxe4 35. Nxe4 gxf5 36. gxf5 Bxd5 37. Nxd6 c3 38. f6 Bxa2 39. f7 Bxf7 40. Nxf7 a5 41. Ne5 a4 42. Nd3+ Kc4 43. Nc1 Kd5 44. Kxc3 Ke4 45. Ne2 Kf5 46. h5 Kg5 47. Ng3 Kh6 48. Kb4 a3 49. Kxa3 Kg5 50. Kb4 Kh6 51. Kc4 Kg5 52. Kd4 Kh6 53. Ke4 Kg5 54. Ke5 Kh6 55. Kf5 Kg7 56. Kg5 Kh7 57. h6 Kg8 58. Kg6 Kh8 59. Ne4 Kg8 60. Ng5 Kh8 61. Nf7+ Kg8 62. h7+ 1-0


[Site "https://www.chess.com"]

[Event "Titled Tuesday Blitz June 13 Early 2023"]
[White "Khamdamova, Afruza"]
[Black "Vifleemskaia, Svetlana"]
[WhiteFideId "14210444"]
[BlackFideId "4129490"]
[WhiteElo "2312"]
[BlackElo "1930"]
[Result "1-0"]
[Round "10"]
[TimeControl "180+2"]
[Date "2023.06.13"]
[WhiteClock "0:01:26"]
[BlackClock "0:00:00"]
[Board "112"]

1. e4 e5 2. Nf3 Nc6 3. Nc3 Nf6 4. d4 exd4 5. Nxd4 Bb4 6. Nxc6 bxc6 7. Qd4 Qe7 8. f3 O-O 9. Bg5 Bc5 10. Bxf6 gxf6 11. Qd2 d5 12. O-O-O d4 13. Ne2 Rd8 14. Ng3 Qe5 15. Bc4 a5 16. f4 Qe7 17. f5 Qf8 18. Nh5 Be7 19. g4 h6 20. h4 Ba6 21. Bxa6 Rxa6 22. Rdg1 d3 23. c3 c5 24. g5 fxg5 25. hxg5 Kh7 26. f6 Bd6 27. Ng7 1-0


[Site "https://www.chess.com"]

[Event "Titled Tuesday Blitz June 13 Early 2023"]
[White "Ladan, Nicholas"]
[Black "Gonzalez Vega, Alejandro"]
[WhiteFideId "30918855"]
[BlackFideId "3510042"]
[WhiteElo "2167"]
[BlackElo "2324"]
[Result "1-0"]
[Round "10"]
[TimeControl "180+2"]
[Date "2023.06.13"]
[WhiteClock "0:00:07"]
[BlackClock "0:00:02"]
[Board "113"]

1. b4 a5 2. b5 b6 3. e4 Bb7 4. d3 e5 5. Bb2 d6 6. Nd2 Nd7 7. Be2 g6 8. f4 Bg7 9. Nh3 Ne7 10. O-O O-O 11. Nc4 exf4 12. Bxg7 Kxg7 13. Nxf4 d5 14. exd5 Nxd5 15. Qd2 N7f6 16. Bf3 Rb8 17. Bxd5 Nxd5 18. Nxd5 Qxd5 19. Qf2 f5 20. Ne3 Qxb5 21. Qg3 Kh8 22. Qxc7 Qc6 23. Qxc6 Bxc6 24. Nc4 a4 25. Ne5 Be8 26. Rab1 b5 27. Rb4 Rc8 28. c4 bxc4 29. dxc4 Rf6 30. Re1 Kg8 31. Kf2 Rd6 32. Re2 Rd1 33. Rb7 Rc1 34. Rd2 f4 35. h4 Rc3 36. Ng4 Bf7 37. Nh6+ Kg7 38. Nxf7 Kf6 39. Nd6 Rf8 40. Ne4+ Kf5 41. Nxc3 Kg4 42. Rb5 h6 43. h5 g5 44. Ne4 Kxh5 45. Rd6 Kg4 46. Rxh6 f3 47. Nf6+ Rxf6 48. Rxf6 fxg2 49. Kxg2 1-0


[Site "https://www.chess.com"]

[Event "Titled Tuesday Blitz June 13 Early 2023"]
[White "Rodriguez Santiago, Jaime"]
[Black "Zaitsev, Alexander"]
[WhiteFideId "3100898"]
[BlackFideId "4164490"]
[WhiteElo "2025"]
[BlackElo "2373"]
[Result "0-1"]
[Round "10"]
[TimeControl "180+2"]
[Date "2023.06.13"]
[WhiteClock "0:00:07"]
[BlackClock "0:00:11"]
[Board "114"]

1. d4 Nf6 2. c4 e6 3. Nf3 Bb4+ 4. Bd2 c5 5. dxc5 Bxc5 6. Nc3 Qb6 7. e3 Qc7 8. Bd3 a6 9. O-O Be7 10. Rc1 d6 11. Ne4 Nbd7 12. b4 b6 13. Bc3 Bb7 14. Nxf6+ Nxf6 15. a3 e5 16. Be2 O-O 17. Bb2 Rac8 18. Qb3 Qb8 19. Ne1 Rc7 20. f3 Rfc8 21. e4 Nd7 22. Nc2 b5 23. Ne3 Bg5 24. Rc3 Qa7 25. Kh1 Bxe3 26. Rxe3 bxc4 27. Qc3 Nb6 28. Bd1 Bc6 29. f4 Nd7 30. Rg3 Bxe4 31. fxe5 Nxe5 32. Bg4 Re8 33. Bh5 Bg6 34. Bxg6 hxg6 35. h4 d5 36. h5 d4 37. Qxd4 Qxd4 38. Bxd4 gxh5 39. Rf5 f6 40. Rxh5 Kf7 41. Rh7 Rg8 42. Bc3 Nd3 43. Rf3 Kg6 44. Rhh3 Re7 45. Rhg3+ Kf7 46. Kh2 Rh8+ 47. Rh3 Rhe8 48. Rh7 Kg6 49. Rhh3 Re2 50. Rhg3+ Kf7 51. Rg4 Ne5 52. Rgg3 Nxf3+ 53. Rxf3 R2e3 54. Rxe3 Rxe3 55. Bd4 Rd3 56. Bb2 c3 57. Bxc3 Rxc3 58. a4 Rb3 0-1


[Site "https://www.chess.com"]

[Event "Titled Tuesday Blitz June 13 Early 2023"]
[White "Acikel, Mert"]
[Black "Seletsky, Grigory"]
[WhiteFideId "12956465"]
[BlackFideId "14112191"]
[WhiteElo "2097"]
[BlackElo "2491"]
[Result "1-0"]
[Round "10"]
[TimeControl "180+2"]
[Date "2023.06.13"]
[WhiteClock "0:00:49"]
[BlackClock "0:00:00"]
[Board "115"]

1. e4 c5 2. Nf3 Nc6 3. Bb5 g6 4. O-O Bg7 5. Nc3 e5 6. a3 Nge7 7. b4 d6 8. bxc5 dxc5 9. Bc4 O-O 10. d3 Nd4 11. Bg5 Bg4 12. Nd5 Nxd5 13. Bxd8 Nc3 14. Qd2 Nce2+ 15. Kh1 Nxf3 16. Qxe2 Nxh2 17. f3 Nxf1 18. Rxf1 Raxd8 19. fxg4 Bh6 20. Qf2 b6 21. Bxf7+ Kh8 22. Qf6+ Bg7 23. Qe6 c4 24. Rf3 cxd3 25. Rxd3 Rxd3 26. cxd3 g5 27. Qe7 h6 28. Qxa7 Rc8 29. Bc4 Rf8 30. Qxb6 Kh7 31. a4 Rf4 32. a5 h5 33. gxh5 g4 34. Qg6+ Kh8 35. h6 1-0


[Site "https://www.chess.com"]

[Event "Titled Tuesday Blitz June 13 Early 2023"]
[White "Semenova, Alina"]
[Black "Bueno, Alfeu Junior Varela"]
[WhiteFideId "24113875"]
[BlackFideId "2108879"]
[WhiteElo "1833"]
[BlackElo "2175"]
[Result "1-0"]
[Round "10"]
[TimeControl "180+2"]
[Date "2023.06.13"]
[WhiteClock "0:00:01"]
[BlackClock "0:00:00"]
[Board "116"]

1. e4 e6 2. d4 d5 3. exd5 exd5 4. Nf3 Nc6 5. Bd3 Bg4 6. O-O Bxf3 7. Qxf3 Nxd4 8. Re1+ Be7 9. Qg4 Ne6 10. c4 Nf6 11. Qg3 O-O 12. Nc3 Kh8 13. cxd5 Nxd5 14. Nxd5 Qxd5 15. Be4 Qa5 16. Be3 c6 17. a3 Bf6 18. Qh3 g6 19. f4 Bxb2 20. Rab1 Bc3 21. f5 Nc5 22. fxg6 fxg6 23. Bxg6 Qc7 24. Bxc5 Rf6 25. Qxc3 Qg7 26. Bd4 Raf8 27. Bxf6 Rxf6 28. Be4 Rf1+ 29. Rxf1 Qxc3 30. Rxb7 Qxa3 31. Rxh7+ Kg8 32. Rd1 Qe3+ 33. Kh1 Qxe4 34. Rxa7 Qh4 35. Rda1 1-0


[Site "https://www.chess.com"]

[Event "Titled Tuesday Blitz June 13 Early 2023"]
[White "Dixit, Nikhil"]
[Black "Novikova, Margarita"]
[WhiteFideId "5059534"]
[BlackFideId "14109689"]
[WhiteElo "2207"]
[BlackElo "2013"]
[Result "1-0"]
[Round "10"]
[TimeControl "180+2"]
[Date "2023.06.13"]
[WhiteClock "0:00:22"]
[BlackClock "0:01:03"]
[Board "117"]

1. e4 d5 2. exd5 Qxd5 3. Nc3 Qd6 4. d4 Nf6 5. Nf3 Bf5 6. Bc4 c6 7. Qe2 e6 8. h3 h6 9. Bb3 Be7 10. g4 Bh7 11. Be3 Nbd7 12. O-O-O O-O-O 13. Nd2 Nb6 14. a4 Qb4 15. Na2 Qd6 16. a5 Nbd5 17. Nc4 Qc7 18. Nc3 Nxc3 19. bxc3 Nd5 20. Kb2 Nxe3 21. fxe3 Be4 22. Rhf1 Rhf8 23. Ra1 Bd5 24. Ne5 Bxb3 25. cxb3 Bf6 26. Nd3 e5 27. b4 exd4 28. exd4 Rfe8 29. Qf3 Qd6 30. Rae1 Rxe1 31. Rxe1 Bxd4 32. Re4 Bf6 33. Kc2 Qh2+ 34. Kb3 Qd6 35. Qf5+ Qd7 36. Qxd7+ Rxd7 37. Nc5 Re7 38. Rxe7 Bxe7 39. Nd3 Kd7 40. c4 Ke6 41. a6 b6 42. b5 cxb5 43. cxb5 Bd6 44. Kc4 g6 45. Kd4 f5 46. gxf5+ gxf5 47. Ne1 f4 48. Nf3 Kf5 49. Kd5 Bb8 50. Kc6 Ke4 51. Nh4 f3 52. Nxf3 Kxf3 53. Kb7 Be5 54. Kxa7 Ke4 55. Kb7 1-0


[Site "https://www.chess.com"]

[Event "Titled Tuesday Blitz June 13 Early 2023"]
[White "Kozak, Antoni"]
[Black "Jimenez Garcia, Emmanuel"]
[WhiteFideId "21832030"]
[BlackFideId "6504779"]
[WhiteElo "2470"]
[BlackElo "2440"]
[Result "1-0"]
[Round "10"]
[TimeControl "180+2"]
[Date "2023.06.13"]
[WhiteClock "0:00:11"]
[BlackClock "0:01:49"]
[Board "118"]

1. g4 c6 2. Bg2 Qa5 3. e3 d5 4. a3 e5 5. b4 Bxb4 6. Bb2 Bd6 7. h3 Qc7 8. c4 Ne7 9. cxd5 cxd5 10. Nc3 Be6 11. Nb5 Qd7 12. Nxd6+ Qxd6 13. Ne2 Nbc6 14. f4 f6 15. fxe5 fxe5 16. O-O h5 17. g5 O-O-O 18. a4 Qd7 19. a5 Bxh3 20. a6 b6 21. Rc1 Kb8 22. Qa4 Bxg2 23. Kxg2 Qg4+ 24. Qxg4 hxg4 25. Rf7 d4 26. exd4 exd4 27. Rxg7 Nf5 28. Rb7+ Ka8 29. Rxc6 Nd6 30. Bxd4 Nxb7 31. Bxh8 Nc5 32. Bf6 Nxa6 33. Bxd8 Nb4 34. Rd6 Kb7 35. g6 a5 36. g7 a4 37. g8=Q a3 38. Rxb6+ Ka7 39. Qh7+ Ka8 40. Qb7# 1-0


[Site "https://www.chess.com"]

[Event "Titled Tuesday Blitz June 13 Early 2023"]
[White "Tinmaz, Kerem"]
[Black "Balla, Tamas-Kristof"]
[WhiteFideId "44559151"]
[BlackFideId "1208497"]
[WhiteElo "2153"]
[BlackElo "2334"]
[Result "1-0"]
[Round "10"]
[TimeControl "180+2"]
[Date "2023.06.13"]
[WhiteClock "0:00:32"]
[BlackClock "0:00:17"]
[Board "119"]

1. e4 c5 2. Nc3 Nc6 3. Bb5 Nd4 4. Bc4 e6 5. Nge2 Nf6 6. O-O a6 7. a4 d5 8. exd5 exd5 9. Ba2 Be6 10. d3 Nxe2+ 11. Qxe2 Bd6 12. Bg5 O-O 13. Bxf6 Qxf6 14. Bxd5 Qh6 15. g3 Rfe8 16. Bxe6 Rxe6 17. Qf3 Rae8 18. Qxb7 Qd2 19. Rac1 Be5 20. Ne4 Qh6 21. Qd5 Bd4 22. c3 Re5 23. Qd6 R5e6 24. Qf4 Qh3 25. Ng5 Bxf2+ 26. Qxf2 1-0


[Site "https://www.chess.com"]

[Event "Titled Tuesday Blitz June 13 Early 2023"]
[White "Kielinkei"]
[Black "Xie, Bryan"]
[BlackFideId "30941296"]
[WhiteElo "2470"]
[BlackElo "2033"]
[Result "0-1"]
[Round "10"]
[TimeControl "180+2"]
[Date "2023.06.13"]
[WhiteClock "0:00:06"]
[BlackClock "0:00:08"]
[Board "120"]

1. e4 c5 2. a3 Nc6 3. b4 cxb4 4. axb4 Nxb4 5. c3 Nc6 6. d4 d5 7. exd5 Qxd5 8. Na3 Nf6 9. Nb5 Qd8 10. Bf4 Nd5 11. Bg3 e6 12. Bc4 Nxc3 13. Nxc3 Bb4 14. Qd3 Qxd4 15. Ne2 Qxd3 16. Bxd3 O-O 17. O-O Bd7 18. Ne4 Rfd8 19. Bc7 Rdc8 20. Bd6 f5 21. Bxb4 Nxb4 22. Nd6 Rc6 23. Nxb7 Nxd3 24. Rfd1 Rc7 25. Rab1 Ba4 26. Rxd3 Bc2 27. Rc1 Bxd3 28. Rxc7 Bxe2 29. Nc5 Bc4 30. Nd7 Bd5 31. h4 a5 32. Nb6 Ra6 33. Nxd5 exd5 34. Rd7 a4 35. Rxd5 a3 36. Rd1 a2 37. Ra1 Kf7 38. Kf1 Kg6 39. Ke2 Kh5 40. g3 Kg4 41. Ke3 Ra4 42. Ke2 Ra3 43. Kd2 Kf3 44. Ke1 g6 45. Kf1 h6 46. Ke1 f4 47. gxf4 Kxf4 48. Ke2 Kg4 49. f3+ Kxh4 50. Kf2 Kg5 51. Kg3 h5 52. Kg2 Kf4 53. Kh2 Kxf3 54. Kh3 g5 55. Kh2 Kg4 56. Rg1+ Kh4 57. Rh1 a1=Q 58. Rf1 Rh3+ 59. Kg2 Rg3+ 60. Kh2 Qb2+ 61. Rf2 Qxf2+ 62. Kh1 Qg1# 0-1


[Site "https://www.chess.com"]

[Event "Titled Tuesday Blitz June 13 Early 2023"]
[White "Ramirez Vido, Robert Yorisan"]
[Black "Papayan, Oleg"]
[WhiteFideId "3513823"]
[BlackFideId "4193911"]
[WhiteElo "2369"]
[BlackElo "2167"]
[Result "0-1"]
[Round "10"]
[TimeControl "180+2"]
[Date "2023.06.13"]
[WhiteClock "0:00:00"]
[BlackClock "0:00:24"]
[Board "121"]

1. e4 e5 2. Nf3 Nc6 3. Bb5 Nf6 4. O-O Nxe4 5. Re1 Nd6 6. Nxe5 Be7 7. Bf1 Nxe5 8. Rxe5 O-O 9. d4 Bf6 10. Re1 Re8 11. c3 Rxe1 12. Qxe1 Ne8 13. Bf4 d5 14. Nd2 g6 15. Nf3 Ng7 16. Be5 c6 17. Bd3 Bf5 18. Qd2 Bxe5 19. Nxe5 f6 20. Nf3 Kf7 21. Re1 Qc7 22. Bxf5 Nxf5 23. Qe2 Qd7 24. g4 Nd6 25. h3 Re8 26. Qd2 Rxe1+ 27. Nxe1 Ne4 28. Qh6 Kg8 29. f3 Ng5 30. h4 Qe6 31. Kf1 Nf7 32. Qf4 Qd6 33. Nd3 Qxf4 34. Nxf4 Nd8 35. Ke2 Kf7 36. Ke3 Ne6 37. Nxe6 Kxe6 38. Kf4 h6 39. g5 fxg5+ 40. hxg5 h5 41. Kg3 Kf5 42. f4 b6 43. b3 b5 44. b4 a6 45. Kf3 h4 46. a3 h3 47. Kg3 h2 48. Kxh2 Kxf4 49. Kh3 Kxg5 50. Kg3 Kf5 0-1


[Site "https://www.chess.com"]

[Event "Titled Tuesday Blitz June 13 Early 2023"]
[White "Mayaud, Raphael"]
[Black "KorolDimitriy75"]
[WhiteFideId "627151"]
[WhiteElo "2191"]
[BlackElo "2428"]
[Result "0-1"]
[Round "10"]
[TimeControl "180+2"]
[Date "2023.06.13"]
[WhiteClock "0:00:00"]
[BlackClock "0:00:55"]
[Board "122"]

1. d4 Nf6 2. Bg5 Ne4 3. Bf4 c5 4. f3 Nf6 5. dxc5 Qa5+ 6. Nc3 Qxc5 7. e4 d6 8. Qd2 Nc6 9. O-O-O g6 10. g4 Bg7 11. Bh6 O-O 12. h4 Be6 13. h5 Rac8 14. Bxg7 Kxg7 15. hxg6 fxg6 16. Qh6+ Kf7 17. g5 Ng8 18. Qxh7+ Ke8 19. Qxg6+ Kd7 20. Bh3 Bxh3 21. Rxh3 Ne5 22. Qh5 Nc4 23. Nge2 Qb4 24. Qg4+ Kd8 25. Rd3 Qxb2+ 26. Kd1 Qa1+ 27. Nc1 Nb2+ 28. Kd2 Nxd3 29. Nxd3 Qxc3+ 30. Ke3 Qxc2 31. Qe6 Qc7 32. Rh8 Qd7 33. Qb3 Kc7 0-1


[Site "https://www.chess.com"]

[Event "Titled Tuesday Blitz June 13 Early 2023"]
[White "Petrova, Irina"]
[Black "Chuemsakul, Sarocha"]
[WhiteFideId "14124122"]
[BlackFideId "6203710"]
[WhiteElo "2084"]
[BlackElo "1686"]
[Result "0-1"]
[Round "10"]
[TimeControl "180+2"]
[Date "2023.06.13"]
[WhiteClock "0:00:00"]
[BlackClock "0:00:15"]
[Board "123"]

1. e4 g6 2. d4 Bg7 3. Nc3 d6 4. Be3 a6 5. Qd2 b5 6. h4 Nd7 7. h5 Bb7 8. h6 Bf8 9. f3 e6 10. O-O-O Nb6 11. Bd3 Nf6 12. Nh3 Be7 13. Nf4 O-O 14. e5 Nfd7 15. exd6 cxd6 16. d5 e5 17. Nh3 Rc8 18. Be2 Nc4 19. Bxc4 Rxc4 20. Bg5 Bxg5 21. Nxg5 Qe7 22. Nce4 Rfc8 23. Kb1 Nb6 24. f4 Bxd5 25. fxe5 Bxe4 26. Nxe4 Rxe4 27. exd6 Qd7 28. Rhf1 f5 29. c3 Nc4 30. Qd5+ Qe6 31. d7 Rd8 32. Qc5 Qe5 33. Qc8 Qe7 34. g4 Re2 35. gxf5 Rxb2+ 36. Ka1 Rd2 37. f6 Qf8 38. f7+ Kh8 0-1


[Site "https://www.chess.com"]

[Event "Titled Tuesday Blitz June 13 Early 2023"]
[White "Abduzhaparov"]
[Black "Zhukov, Maksim"]
[BlackFideId "34181790"]
[WhiteElo "2413"]
[BlackElo "1925"]
[Result "1/2-1/2"]
[Round "10"]
[TimeControl "180+2"]
[Date "2023.06.13"]
[WhiteClock "0:00:13"]
[BlackClock "0:00:23"]
[Board "124"]

1. Nf3 d5 2. c4 c6 3. d4 Nf6 4. e3 a6 5. Bd3 dxc4 6. Bxc4 b5 7. Bb3 Bb7 8. Nbd2 e6 9. Ne5 c5 10. Ndf3 Nc6 11. Nxf7 Kxf7 12. Ng5+ Ke8 13. Nxe6 Qe7 14. Nxc5 Nxd4 15. Qxd4 Qxc5 16. O-O Qxd4 17. exd4 Bd6 18. Re1+ Kd7 19. Be6+ Kc7 20. Bd2 Rae8 21. Ba5+ Kb8 22. g3 Bd5 23. Bxd5 Nxd5 24. Red1 Bb4 25. Bxb4 Nxb4 26. a4 Kb7 27. axb5 axb5 28. Ra3 Kb6 29. Rf3 Re7 30. d5 Rd8 31. d6 Red7 32. Rb3 Nc6 33. Rbd3 Ne5 34. Rd5 Nc4 35. b3 Rxd6 36. bxc4 Rxd5 37. cxd5 Kc5 38. Rc1+ Kd4 39. Rc7 b4 40. Rxg7 b3 41. Rb7 Kc3 42. Rb5 b2 43. Kg2 Rxd5 44. Rxd5 b1=Q 45. Re5 Kd4 46. Re3 Qb7+ 47. Kg1 h5 48. h4 Qb1+ 49. Kg2 Qb5 50. Kg1 Qd5 51. Kh2 Qa2 52. Kg2 Qd2 53. Kg1 Kd5 54. Rf3 Qe1+ 55. Kh2 Qe4 56. Rf4 Qe1 57. Kg2 Ke5 58. Kh2 Qd2 59. Kg2 Qd5+ 60. Kh2 Qa2 61. Kg2 Ke6 62. Kh2 Ke5 63. Kg2 Qa8+ 64. Kg1 Qg8 65. Kh2 Qg6 66. Kg2 Qc6+ 67. Kh2 Qc1 68. Kg2 Qe1 69. Kh2 Qf1 70. Rf8 Ke4 71. Rf4+ Kd3 72. Rf8 Ke2 73. Re8+ Kf3 74. Rf8+ Kg4 75. Rg8+ Kf3 76. Rf8+ Ke2 77. Re8+ Kd3 78. Rd8+ Ke4 79. Re8+ Kf5 80. Rf8+ Kg6 81. Rf4 Kg7 82. Rf3 Kg6 83. Rf4 Kg7 84. Rf3 Kg6 85. Rf4 1/2-1/2


[Site "https://www.chess.com"]

[Event "Titled Tuesday Blitz June 13 Early 2023"]
[White "Samaganova, Aleksandra"]
[Black "Grossboss19"]
[WhiteFideId "13800221"]
[WhiteElo "1858"]
[BlackElo "2413"]
[Result "1-0"]
[Round "10"]
[TimeControl "180+2"]
[Date "2023.06.13"]
[WhiteClock "0:00:23"]
[BlackClock "0:00:00"]
[Board "125"]

1. c4 e6 2. Nc3 Nf6 3. e4 Nc6 4. Nf3 Bb4 5. e5 Ng8 6. d4 d6 7. exd6 cxd6 8. d5 Nce7 9. Qa4+ Nc6 10. dxc6 Bxc3+ 11. bxc3 b6 12. c5 bxc5 13. c7+ Qd7 14. Bb5 Ne7 15. Bxd7+ Bxd7 16. Qa6 Nc8 17. O-O Ke7 18. Rb1 Nb6 19. Re1 Rhc8 20. Bf4 f6 21. Rbd1 e5 22. Qd3 d5 23. Qxh7 Kf7 24. Qh5+ Kg8 25. Bxe5 fxe5 26. Nxe5 Be8 27. Qf3 Rxc7 28. Nd3 1-0


[Site "https://www.chess.com"]

[Event "Titled Tuesday Blitz June 13 Early 2023"]
[White "Lopez Idarraga, Daniel Eduardo"]
[Black "Ciuffoletti, Paolo"]
[WhiteFideId "4405501"]
[BlackFideId "807630"]
[WhiteElo "1980"]
[BlackElo "2143"]
[Result "0-1"]
[Round "10"]
[TimeControl "180+2"]
[Date "2023.06.13"]
[WhiteClock "0:01:25"]
[BlackClock "0:00:07"]
[Board "126"]

1. d4 d5 2. Bf4 Nf6 3. e3 c5 4. Nd2 Nc6 5. c3 cxd4 6. exd4 e6 7. Ngf3 Bd6 8. Ne5 O-O 9. Bb5 Qc7 10. Qe2 Bxe5 11. dxe5 Nd7 12. Nf3 f6 13. Bxc6 bxc6 14. Bg3 f5 15. O-O f4 16. Bh4 Rf5 17. Rfe1 a5 18. Be7 Ba6 19. Bd6 Bxe2 20. Bxc7 Bxf3 21. gxf3 a4 22. Re2 Raf8 23. Rd1 Rg5+ 24. Kf1 Rff5 25. Rd4 Rh5 26. Kg2 Rh4 27. Rxa4 Rfh5 28. Rd2 Rxh2+ 29. Kf1 Rh1+ 30. Ke2 Ra1 31. b3 Rhh1 32. Rxf4 Nc5 33. Bd6 Rae1# 0-1


[Site "https://www.chess.com"]

[Event "Titled Tuesday Blitz June 13 Early 2023"]
[White "Topalov, Aleksandar"]
[Black "Chemin, Justo Reinaldo"]
[WhiteFideId "925659"]
[BlackFideId "2101580"]
[WhiteElo "2151"]
[BlackElo "1940"]
[Result "0-1"]
[Round "10"]
[TimeControl "180+2"]
[Date "2023.06.13"]
[WhiteClock "0:00:00"]
[BlackClock "0:00:04"]
[Board "127"]

1. b3 d5 2. Bb2 Nf6 3. Nf3 Bf5 4. g3 e6 5. Bg2 h6 6. O-O Be7 7. d3 a5 8. a3 O-O 9. Nbd2 c6 10. e3 Nbd7 11. Qe2 Qc7 12. e4 Bh7 13. Rfe1 Ne8 14. Kh1 b5 15. Nd4 Bf6 16. f4 Qb6 17. e5 Be7 18. f5 Bc5 19. fxe6 fxe6 20. Nxe6 Rf2 21. Qd1 Be7 22. Bd4 Rxd2 23. Qxd2 c5 24. Bxd5 cxd4 25. Nc7+ Kh8 26. Nxa8 Qc5 27. Bg2 Nxe5 28. Re2 Bg5 29. Qe1 Be3 30. Rd1 Bg8 31. Rxe3 dxe3 32. d4 Qxc2 33. dxe5 Qxb3 34. Rd8 e2 35. Kg1 Qe3+ 36. Kh1 Qb3 37. Rd2 Bc4 38. Rxe2 Bxe2 39. Qxe2 Qxa3 40. e6 Qc1+ 41. Qf1 Qc5 42. h3 Nf6 43. Kh2 a4 44. Qd1 a3 45. Qb3 b4 0-1


[Site "https://www.chess.com"]

[Event "Titled Tuesday Blitz June 13 Early 2023"]
[White "Sanchez, Robert"]
[Black "Mazurkiewicz, Michal"]
[WhiteFideId "2034360"]
[BlackFideId "1124943"]
[WhiteElo "1937"]
[BlackElo "2063"]
[Result "0-1"]
[Round "10"]
[TimeControl "180+2"]
[Date "2023.06.13"]
[WhiteClock "0:02:15"]
[BlackClock "0:01:59"]
[Board "128"]

1. e4 d6 2. Nf3 Nf6 3. Nc3 c6 4. d4 Bg4 5. h3 Bh5 6. Be2 e6 7. O-O d5 8. e5 Nfd7 9. Ng5 Bg6 10. Bd3 Be7 11. Nf3 c5 12. Bxg6 hxg6 13. Ne2 Nc6 14. c3 Qb6 15. Be3 cxd4 16. Nexd4 Qc7 17. Bf4 Ncxe5 18. Re1 Nxf3+ 19. Qxf3 Qb6 20. c4 Qxd4 21. Rad1 Qxc4 0-1


[Site "https://www.chess.com"]